TOP OF THE 1ST |
Auburn Doubledays batting - Pitching for State College Spikes : RHP Jorge Aguilar
|
Pitching: RHP Jorge Aguilar
|
|
Batting: SHB Dan Castaneda
|
0-0: Ball 1-0: Ball 2-0: Called Strike 2-1: Ball 3-1: Foul Ball, location: 2F 3-2: Base on Balls
|
Batting: RHB Travis Stanley
|
0-0: Ball 1-0: Foul Ball, location: 2F 1-1: Ball Dan Castaneda steals 2nd base (no throw) 2-1: Foul Ball, location: 2F 2-2: Foul Ball, location: 2F 2-2: Strikes out swinging
|
Batting: RHB Ryan Hiemer
|
0-0: Fly out, F9 (Flyball, 9LS, EV 83.8 MPH)
|
Batting: RHB Slavik Nebrodov
|
0-0: Foul Ball, location: 2F 0-1: Called Strike 0-2: Ball 1-2: Foul Ball, location: 2F 1-2: Fly out, F7 (Line Drive, 7, EV 86.2 MPH)
|
Top of the 1st over - 0 runs, 0 hits, 0 errors, 1 left on base; Auburn 0 - State College 0 |
BOTTOM OF THE 1ST |
State College Spikes batting - Pitching for Auburn Doubledays : LHP Jason Wasson
|
Pitching: LHP Jason Wasson
|
|
Batting: RHB Mark Cahill
|
0-0: Ground out 6-3 (Groundball, 6, EV 106.9 MPH)
|
Batting: LHB Ken Compton
|
0-0: DOUBLE (Line Drive, 7LM, EV 115.0 MPH)
|
Batting: RHB Melvin Enriquez
|
0-0: Ball 1-0: Called Strike 1-1: Ball 2-1: SINGLE (Line Drive, 7LS, EV 96.9 MPH) Ken Compton to third
|
Batting: SHB Jason Kirby
|
0-0: Called Strike Melvin Enriquez is caught stealing 2nd base 2-4 0-1: Swinging Strike 0-2: Ball 1-2: Strikes out swinging
|
Bottom of the 1st over - 0 runs, 2 hits, 0 errors, 1 left on base; Auburn 0 - State College 0 |
TOP OF THE 2ND |
Auburn Doubledays batting - Pitching for State College Spikes : RHP Jorge Aguilar
|
Batting: LHB Elias Posada
|
0-0: Swinging Strike 0-1: Foul Ball, location: 2F 0-2: Strikes out swinging
|
Batting: RHB Joe Young
|
0-0: Ground out 4-3 (Groundball, 4M, EV 97.5 MPH)
|
Batting: RHB Jeff Page
|
0-0: Ball 1-0: Ball 2-0: Called Strike 2-1: Called Strike 2-2: Ground out 5-3 (Groundball, 56, EV 105.6 MPH)
|
Top of the 2nd over - 0 runs, 0 hits, 0 errors, 0 left on base; Auburn 0 - State College 0 |
BOTTOM OF THE 2ND |
State College Spikes batting - Pitching for Auburn Doubledays : LHP Jason Wasson
|
Batting: RHB Francisco Vargas
|
0-0: Ball 1-0: Ball 2-0: Ground out 4-3 (Groundball, 4, EV 78.8 MPH)
|
Batting: RHB Tim Cleary
|
0-0: Ball 1-0: Foul Ball, location: 2F 1-1: Called Strike 1-2: Strikes out swinging
|
Batting: RHB Chris LaReau
|
0-0: Foul Ball, location: 2F 0-1: Ball 1-1: Swinging Strike 1-2: Ball 2-2: DOUBLE (Line Drive, 78M, EV 99.4 MPH)
|
Batting: RHB Francisco de la Cruz
|
0-0: SINGLE (Groundball, 56D, EV 93.8 MPH) Chris LaReau to third
|
Batting: RHB Ray Souza
|
0-0: Called Strike 0-1: Ball 1-1: Foul Ball, location: 2F 1-2: Foul Ball, location: 2F 1-2: Ball 2-2: Fielders Choice at 2nd, 6-4 (Groundball, 6, EV 87.5 MPH)
|
Bottom of the 2nd over - 0 runs, 2 hits, 0 errors, 2 left on base; Auburn 0 - State College 0 |
TOP OF THE 3RD |
Auburn Doubledays batting - Pitching for State College Spikes : RHP Jorge Aguilar
|
Batting: RHB Joe Klein
|
0-0: Ball 1-0: Called Strike 1-1: Swinging Strike 1-2: Ball 2-2: Strikes out swinging
|
Batting: RHB Bryan Ernst
|
0-0: Swinging Strike 0-1: Called Strike 0-2: Strikes out swinging
|
Batting: SHB Dan Castaneda
|
0-0: Foul Ball, location: 2F 0-1: Called Strike 0-2: Ground out U3 (Groundball, 3, EV 86.2 MPH)
|
Top of the 3rd over - 0 runs, 0 hits, 0 errors, 0 left on base; Auburn 0 - State College 0 |
BOTTOM OF THE 3RD |
State College Spikes batting - Pitching for Auburn Doubledays : LHP Jason Wasson
|
Batting: RHB Mark Cahill
|
0-0: Ball 1-0: Swinging Strike 1-1: Ball 2-1: Swinging Strike 2-2: Fly out, F8 (Line Drive, 8LM, EV 96.9 MPH)
|
Batting: LHB Ken Compton
|
0-0: Ball 1-0: Ball 2-0: SINGLE (Line Drive, 4MD, EV 108.1 MPH)
|
Batting: RHB Melvin Enriquez
|
0-0: Ball 1-0: Ball Ken Compton steals 2nd base 2-0: Called Strike Ken Compton steals 3rd base 2-1: Ground out 6-3 (Groundball, 6, EV 106.2 MPH) Ken Compton scores
|
Batting: SHB Jason Kirby
|
0-0: Ball 1-0: Foul Ball, location: 2F 1-1: Ball 2-1: Fly out, F8 (Flyball, 89M, EV 83.1 MPH)
|
Bottom of the 3rd over - 1 run, 1 hit, 0 errors, 0 left on base; Auburn 0 - State College 1 |
TOP OF THE 4TH |
Auburn Doubledays batting - Pitching for State College Spikes : RHP Jorge Aguilar
|
Batting: RHB Travis Stanley
|
0-0: Called Strike 0-1: Ground out U3 (Groundball, 3, EV 102.5 MPH)
|
Batting: RHB Ryan Hiemer
|
0-0: DOUBLE (Flyball, 7LD, EV 104.4 MPH)
|
Batting: RHB Slavik Nebrodov
|
0-0: Called Strike 0-1: Ball 1-1: Ground out 4-3 (Groundball, 13, EV 80.6 MPH) Ryan Hiemer to third
|
Batting: LHB Elias Posada
|
0-0: Ball 1-0: Foul Ball, location: 2F 1-1: Ball 2-1: Foul Ball, location: 2F 2-2: Ball 3-2: Ground out 4-3 (Groundball, 4, EV 80.0 MPH)
|
Top of the 4th over - 0 runs, 1 hit, 0 errors, 1 left on base; Auburn 0 - State College 1 |
BOTTOM OF THE 4TH |
State College Spikes batting - Pitching for Auburn Doubledays : LHP Jason Wasson
|
Batting: RHB Francisco Vargas
|
0-0: Called Strike 0-1: Called Strike 0-2: Foul Ball, location: 2F 0-2: Ball 1-2: Ball 2-2: Foul Ball, location: 2F 2-2: Ground out 6-3 (Groundball, 6, EV 80.6 MPH)
|
Batting: RHB Tim Cleary
|
0-0: Ball 1-0: Called Strike 1-1: Foul Ball, location: 2F 1-2: Strikes out swinging
|
Batting: RHB Chris LaReau
|
0-0: Called Strike 0-1: Ground out 6-3 (Groundball, 6, EV 83.8 MPH)
|
Bottom of the 4th over - 0 runs, 0 hits, 0 errors, 0 left on base; Auburn 0 - State College 1 |
TOP OF THE 5TH |
Auburn Doubledays batting - Pitching for State College Spikes : RHP Jorge Aguilar
|
Batting: RHB Joe Young
|
0-0: Ball 1-0: Ball 2-0: Called Strike 2-1: Swinging Strike 2-2: Foul Ball, location: 2F 2-2: Foul Ball, location: 2F 2-2: Strikes out swinging
|
Batting: RHB Jeff Page
|
0-0: Swinging Strike 0-1: Called Strike 0-2: Ball 1-2: Foul Ball, location: 2F 1-2: Strikes out swinging
|
Batting: RHB Joe Klein
|
0-0: Ball 1-0: Ball 2-0: Foul Ball, location: 2F 2-1: Foul Ball, location: 2F 2-2: Hit by Pitch
|
Batting: RHB Bryan Ernst
|
0-0: Called Strike 0-1: Swinging Strike 0-2: Strikes out swinging
|
Top of the 5th over - 0 runs, 0 hits, 0 errors, 1 left on base; Auburn 0 - State College 1 |
BOTTOM OF THE 5TH |
State College Spikes batting - Pitching for Auburn Doubledays : LHP Jason Wasson
|
Batting: RHB Francisco de la Cruz
|
0-0: Called Strike 0-1: Ball 1-1: Ball 2-1: Foul Ball, location: 2F 2-2: Foul Ball, location: 2F 2-2: SOLO HOME RUN (Flyball, 7D, EV 96.2 MPH), Distance : 385 ft
|
Batting: RHB Ray Souza
|
0-0: Ball 1-0: Foul Ball, location: 2F 1-1: Swinging Strike 1-2: Ball 2-2: Ball 3-2: Base on Balls
|
Batting: RHB Mark Cahill
|
0-0: Called Strike 0-1: Ball Balk! Ray Souza to second 1-1: Swinging Strike 1-2: Strikes out looking
|
Batting: LHB Ken Compton
|
0-0: Ball 1-0: Ball 2-0: SINGLE (Groundball, 6MD, EV 97.5 MPH) Ray Souza to third Runner from 3rd tries for Home, SAFE, throw by CF to home
|
Batting: RHB Melvin Enriquez
|
0-0: Ball Ken Compton steals 2nd base (no throw) 1-0: Ball 2-0: Ball 3-0: Called Strike 3-1: Base on Balls
|
Batting: SHB Jason Kirby
|
0-0: Ball 1-0: SINGLE (Groundball, 56D, EV 96.2 MPH) Ken Compton to third Melvin Enriquez to second
|
Batting: RHB Francisco Vargas
|
0-0: Ball 1-0: Ball Wild Pitch! Ken Compton scores Melvin Enriquez to third Jason Kirby to second 2-0: Called Strike 2-1: Foul Ball, location: 2F 2-2: Ball 3-2: Foul Ball, location: 2F 3-2: Base on Balls
|
Batting: RHB Tim Cleary
|
0-0: Called Strike 0-1: Ball 1-1: Fly out, F2 (Popup, 2L, EV 95.0 MPH)
|
Batting: RHB Chris LaReau
|
0-0: Ball 1-0: Called Strike 1-1: Hit by Pitch Melvin Enriquez scores Jason Kirby to third Francisco Vargas to second
|
Batting: RHB Francisco de la Cruz
|
0-0: Foul Ball, location: 2F 0-1: Swinging Strike 0-2: Strikes out swinging
|
Bottom of the 5th over - 4 runs, 3 hits, 0 errors, 3 left on base; Auburn 0 - State College 5 |
TOP OF THE 6TH |
Auburn Doubledays batting - Pitching for State College Spikes : RHP Jorge Aguilar
|
Batting: SHB Dan Castaneda
|
0-0: Ball 1-0: Ball 2-0: Ground out 5-3 (Groundball, 56S, EV 90.6 MPH)
|
Batting: RHB Travis Stanley
|
0-0: Ball 1-0: Called Strike 1-1: Ball 2-1: Ball 3-1: Foul Ball, location: 2F 3-2: Strikes out swinging
|
Batting: RHB Ryan Hiemer
|
0-0: Called Strike 0-1: Foul Ball, location: 2F 0-2: Strikes out swinging
|
Top of the 6th over - 0 runs, 0 hits, 0 errors, 0 left on base; Auburn 0 - State College 5 |
BOTTOM OF THE 6TH |
State College Spikes batting - Pitching for Auburn Doubledays : LHP Jason Wasson
|
Batting: RHB Ray Souza
|
0-0: Ball 1-0: Swinging Strike 1-1: Ball 2-1: Foul Ball, location: 2F 2-2: Strikes out swinging
|
Batting: RHB Mark Cahill
|
0-0: Foul Ball, location: 2F 0-1: SINGLE (Groundball, 6MD, EV 106.9 MPH)
|
Pitching: RHP Luis Galvez
|
|
Batting: LHB Ken Compton
|
0-0: Called Strike Mark Cahill steals 2nd base (no throw) 0-1: Foul Ball, location: 2F 0-2: Ball 1-2: Ball 2-2: Foul Ball, location: 2F 2-2: Foul Ball, location: 2F 2-2: Foul Ball, location: 2F 2-2: Ball 3-2: Foul Ball, location: 2F 3-2: Base on Balls
|
Batting: RHB Melvin Enriquez
|
0-0: DOUBLE (Flyball, 78XD, EV 105.0 MPH) Mark Cahill scores Ken Compton to third
|
Batting: SHB Jason Kirby
|
0-0: Ball 1-0: Foul Ball, location: 2F 1-1: Ball 2-1: Fly out, F5 (Popup, 5SF, EV 76.2 MPH)
|
Batting: RHB Francisco Vargas
|
0-0: Ball 1-0: Ball 2-0: Ball 3-0: Base on Balls
|
Batting: RHB Tim Cleary
|
0-0: Foul Ball, location: 2F 0-1: Called Strike 0-2: Foul Ball, location: 2F 0-2: Ball 1-2: Foul Ball, location: 2F 1-2: Strikes out swinging
|
Bottom of the 6th over - 1 run, 2 hits, 0 errors, 3 left on base; Auburn 0 - State College 6 |
TOP OF THE 7TH |
Auburn Doubledays batting - Pitching for State College Spikes : RHP Jorge Aguilar
|
Pitching: LHP Heath Maher
|
|
Batting: RHB Slavik Nebrodov
|
0-0: Foul Ball, location: 2F 0-1: SINGLE (Line Drive, 89S, EV 85.6 MPH)
|
Batting: LHB Elias Posada
|
0-0: Foul Ball, location: 2F 0-1: Called Strike 0-2: Ball 1-2: Foul Ball, location: 2F 1-2: Strikes out swinging
|
Batting: RHB Joe Young
|
0-0: Called Strike 0-1: Fielders Choice at 2nd, 1-6 (Groundball, 13, EV 62.5 MPH)
|
Batting: RHB Jeff Page
|
0-0: Ball 1-0: SINGLE (Groundball, 25, EV 72.5 MPH) (infield hit) Joe Young to second
|
Batting: RHB Joe Klein
|
0-0: Called Strike 0-1: Ball 1-1: Foul Ball, location: 2F 1-2: Foul Ball, location: 2F 1-2: Ball 2-2: Foul Ball, location: 2F 2-2: Ground out 4-3 (Groundball, 4M, EV 105.6 MPH)
|
Top of the 7th over - 0 runs, 2 hits, 0 errors, 2 left on base; Auburn 0 - State College 6 |
BOTTOM OF THE 7TH |
State College Spikes batting - Pitching for Auburn Doubledays : RHP Luis Galvez
|
Batting: RHB Chris LaReau
|
0-0: Called Strike 0-1: Called Strike 0-2: Ball 1-2: Fly out, F4 (Popup, 34, EV 55.6 MPH)
|
Batting: RHB Francisco de la Cruz
|
0-0: TRIPLE (Flyball, 89XD, EV 100.0 MPH)
|
Batting: RHB Ray Souza
|
0-0: Called Strike 0-1: Ball 1-1: Foul Ball, location: 2F 1-2: Foul Ball, location: 2F 1-2: Ground out 5-3 (Groundball, 56, EV 84.4 MPH) Francisco de la Cruz scores
|
Batting: RHB Mark Cahill
|
0-0: Swinging Strike 0-1: Ball 1-1: Foul Ball, location: 2F 1-2: Ground out 4-3 (Groundball, 4, EV 101.9 MPH)
|
Bottom of the 7th over - 1 run, 1 hit, 0 errors, 0 left on base; Auburn 0 - State College 7 |
TOP OF THE 8TH |
Auburn Doubledays batting - Pitching for State College Spikes : LHP Heath Maher
|
Batting: RHB Bryan Ernst
|
0-0: Called Strike 0-1: Ball 1-1: Foul Ball, location: 2F 1-2: Strikes out swinging
|
Batting: SHB Dan Castaneda
|
0-0: Called Strike 0-1: Foul Ball, location: 2F 0-2: Ball 1-2: Foul Ball, location: 2F 1-2: Ground out 1-3 (Groundball, 13S, EV 68.8 MPH)
|
Batting: RHB Travis Stanley
|
0-0: Ball 1-0: Called Strike 1-1: Swinging Strike 1-2: Ball 2-2: Strikes out swinging
|
Top of the 8th over - 0 runs, 0 hits, 0 errors, 0 left on base; Auburn 0 - State College 7 |
BOTTOM OF THE 8TH |
State College Spikes batting - Pitching for Auburn Doubledays : RHP Luis Galvez
|
Pitching: RHP Felipe Valencia
|
|
Batting: LHB Ken Compton
|
0-0: Foul Ball, location: 2F 0-1: Fly out, F8 (Line Drive, 8LD, EV 102.5 MPH)
|
Batting: RHB Melvin Enriquez
|
0-0: Ball 1-0: Fly out, F3 (Popup, 23F, EV 84.4 MPH)
|
Batting: SHB Jason Kirby
|
0-0: Ball 1-0: Fly out, F6 (Popup, 6M, EV 75.0 MPH)
|
Bottom of the 8th over - 0 runs, 0 hits, 0 errors, 0 left on base; Auburn 0 - State College 7 |
TOP OF THE 9TH |
Auburn Doubledays batting - Pitching for State College Spikes : LHP Heath Maher
|
Batting: RHB Ryan Hiemer
|
0-0: Foul Ball, location: 2F 0-1: Swinging Strike 0-2: Ball 1-2: Foul Ball, location: 2F 1-2: Foul Ball, location: 2F 1-2: Ball 2-2: Ball 3-2: Foul Ball, location: 2F 3-2: Foul Ball, location: 2F 3-2: Foul Ball, location: 2F 3-2: Strikes out swinging
|
Batting: RHB Slavik Nebrodov
|
0-0: Ball 1-0: Ball 2-0: Ball 3-0: Called Strike 3-1: Foul Ball, location: 2F 3-2: Base on Balls
|
Pitching: RHP Jason Meade
|
|
Batting: LHB Elias Posada
|
0-0: Foul Ball, location: 2F 0-1: Called Strike 0-2: Ball 1-2: Foul Ball, location: 2F 1-2: Ball 2-2: SINGLE (Line Drive, 6D, EV 94.4 MPH) Slavik Nebrodov to second
|
Batting: RHB Joe Young
|
0-0: Called Strike 0-1: Swinging Strike 0-2: Ball 1-2: Fielders Choice at 2nd, 6-4 (Groundball, 6M, EV 78.1 MPH) Slavik Nebrodov to third
|
Batting: RHB Jeff Page
|
0-0: Ball 1-0: Foul Ball, location: 2F 1-1: Swinging Strike 1-2: Foul Ball, location: 2F 1-2: Strikes out swinging
|
Top of the 9th over - 0 runs, 1 hit, 0 errors, 2 left on base; Auburn 0 - State College 7 |
|